 Dungeon Crawl Stone Soup version 0.28.0-1-gb440e238dd (webtiles) character file.

Game seed: 10954345046817898456

2126 themarg the Destroyer (level 9, -1/48 HPs)
             Began as a Tengu Conjurer on Feb 25, 2022.
             Was an Initiate of Vehumet.
             Slain by an ogre (16 damage)
             ... on level 7 of the Dungeon.
             The game lasted 00:32:45 (8777 turns).

themarg the Destroyer (Tengu Conjurer)              Turns: 8777, Time: 00:32:46

Health: -1/48      AC:  8    Str:  8    XL:     9   Next: 29%
Magic:  20/20      EV: 16    Int: 25    God:    Vehumet [......]
Gold:   406        SH:  0    Dex: 13    Spells: 12/21 levels left

rFire   . . .      SeeInvis .   n - +0 rapier (venom)
rCold   . . .      Faith    .   (no shield)
rNeg    . . .      Spirit   .   A - +0 steam dragon scales
rPois   .          Reflect  .   C - +1 hat {Int+3}
rElec   .          Harm     .   e - +0 cloak
rCorr   .          Rampage  .   j - +0 pair of gloves
Will    .....                   (boots unavailable)
Stlth   ++........              m - amulet of regeneration
HPRegen 0.96/turn               (no ring)
MPRegen 0.17/turn               (no ring)

@: flying quickly and evasively, quick
A: beak, talons 3, nimble flight
a: Renounce Religion


You were on level 7 of the Dungeon.
You worshipped Vehumet.
Vehumet was noncommittal.
You visited 2 branches of the dungeon, and saw 8 of its levels.
You also visited: Sewer.

You collected 406 gold pieces.

Inventory:

Hand Weapons
 n - a +0 rapier of venom (weapon)
 o - a +0 halberd
Missiles
 b - 15 poisoned darts
 l - 4 atropa-tipped darts
 s - a throwing net
 v - 10 boomerangs
Armour
 a - a +0 robe
 e - a +0 cloak (worn)
 j - a +0 pair of gloves (worn)
 y - a +1 chain mail of poison resistance
 z - a scarf of invisibility
 A - +0 steam dragon scales (worn)
 C - a +1 hat of intelligence (worn)
Jewellery
 i - an amulet of reflection
 m - an amulet of regeneration (around neck)
Wands
 x - a wand of flame (13)
Scrolls
 c - 6 scrolls of teleportation
 f - a scroll of amnesia {unknown}
 g - 2 scrolls of silence
 p - a scroll of acquirement {unknown}
 q - 2 scrolls of immolation
Potions
 d - 2 potions of resistance
 h - 2 potions of curing
 k - a potion of attraction
 r - 5 potions of flight
 t - a potion of haste
 w - 2 potions of lignification
 B - a potion of might {unknown}


   Skills:
 + Level 1.9 Fighting
 + Level 3.5 Short Blades
 - Level 1.0 Polearms
 + Level 5.0 Dodging
 + Level 3.9 Stealth
 + Level 6.7 Spellcasting
 + Level 10.3 Conjurations
 + Level 0.7 Air Magic
 + Level 0.2 Poison Magic


You had 12 spell levels left.
You knew the following spells:

 Your Spells              Type           Power      Damage    Failure   Level
a - Magic Dart            Conj           100%       1d8       1%          1
b - Searing Ray           Conj           100%       2d8       1%          2
c - Dazzling Flash        Conj/Hex       68%        N/A       2%          3
d - Mephitic Cloud        Conj/Pois/Air  27%        N/A       4%          3

Your spell library contained the following spells:

 Spells                   Type           Power      Damage    Failure   Level
 Pain                     Necr           32%        1d5       7%          1
 Sting                    Tmut/Pois      32%        1d4       7%          1
 Poisonous Vapours        Pois/Air       20%        N/A       9%          2
 Fulminant Prism          Conj/Hex       17%        3d11      9%          4
 Iskenderun's Mystic Bla  Conj/Tloc      34%        2d8       9%          4
 Call Imp                 Summ           8%         N/A       11%         2
 Inner Flame              Hex/Fire       8%         N/A       21%         3
 Olgreb's Toxic Radiance  Pois           9%         N/A       54%         4
 Cause Fear               Hex            4%         N/A       56%         4
 Agony                    Necr           8%         N/A       88%         5
 Excruciating Wounds      Necr           4%         N/A       88%         5
 Discord                  Hex            4%         N/A       100%        8


Dungeon Overview and Level Annotations

Branches:
Dungeon (7/15)             Temple (1/1) D:6           Sewer (visited)

Altars:
Ashenzari
Cheibriados
Dithmenos
Elyvilon
Fedhas
Gozag
Hepliaklqana
Kikubaaqudgha
Makhleb
Nemelex Xobeh
Okawaru
Qazlal
Ru
Sif Muna
Trog
Uskayaw
Vehumet
Wu Jian
Xom
Zin
The Shining One


Innate Abilities, Weirdness & Mutations

You have a beak for a mouth.
You have claws for feet.
Your magical nature lets you fly swiftly and evasively.


Message History

The searing ray hits the orc warrior.
The orc warrior is heavily wounded. (Press . to maintain the ray.)
The searing ray hits the orc warrior but does no damage.
The orc warrior is heavily wounded.
The searing ray hits the orc warrior!
The orc warrior is severely wounded.
The searing ray hits the orc warrior!
You kill the orc warrior!
Vehumet accepts your kill.
You finish channelling your searing ray.
Your Dodging skill increases to level 5!
You start resting.
Magic restored.
You see here a +0 leather armour.
There is a stone staircase leading down, spattered with blood here.
You fly downwards.
The wyvern skeleton bites you! The orc barely misses you.
An ogre comes into view. It is wielding a +0 giant spiked club.
The wyvern skeleton misses you.
There is a stone staircase leading up, spattered with blood here.
The ogre shouts!
The orc priest invokes the aid of Beogh against you.
Beogh smites you! The orc closely misses you. The wyvern skeleton bites you.
You fly upwards.
There is a stone staircase leading down, spattered with blood here.
You hit the orc but do no damage. You peck the orc, but do no damage.
The orc misses you.
You hit the orc. Your kick misses the orc. You peck the orc.
The orc is almost dead.
The orc closely misses you.
You barely miss the orc. You claw the orc.
You kill the orc!
Vehumet accepts your kill.
You start resting.
HP restored.
You fly downwards.
The orc warrior misses you. The wyvern skeleton bites you!
The orc warrior hits you with a +0 battleaxe of flaming!
The orc warrior burns you! The wyvern skeleton bites you.
The ogre hits you with a +0 giant spiked club!
You die...

. .. ## ...###. .#
..... ..#. ...###
#.... #.Z.###...>.
#@o...#....
####Oo........
#.............
..?...###.5......
#....# ##........
.)....##.....#...
............## ..
........#$...#.)......
........##o...........


You could see an orc warrior, an ogre, an orc priest, a shadow imp and a wyvern
skeleton.

Vanquished Creatures
  2 steam dragons (D:6)
  2 water moccasins
  A sky beast (D:6)
  2 orc warriors
  2 ice beasts
  An ogre (D:6)
  2 black bears (D:6)
  2 bullfrogs
  A howler monkey (D:5)
  A centaur zombie (D:7)
  An orc priest (D:6)
  A centaur skeleton (D:4)
  A hound (D:5)
  2 jellies
  Ijyb (D:4)
  5 iguanas
  Natasha (thrice) (D:3)
  A merfolk siren (Sewer)
  An orc wizard (D:7)
  A merfolk avatar (Sewer)
  Robin (D:2)
  9 adders
  3 gnolls (D:3)
  A river rat (Sewer)
  A white imp (D:6)
  An ufetubus (D:5)
  An adder skeleton (D:5)
  A worm (D:2)
  4 dart slugs
  13 orcs
  6 ball pythons
  3 endoplasms
  5 giant cockroaches
  15 goblins
  6 hobgoblins
  4 jackals (D:5)
  6 kobolds
  6 quokkas
  2 bats (D:1)
  8 frilled lizards
  25 rats
154 creatures vanquished.

Vanquished Creatures (others)
  5 plants (D:6)
5 creatures vanquished.

Grand Total: 159 creatures vanquished

Notes
Turn   | Place    | Note
-------+----------+-------------------------------------------
     0 | D:1      | themarg the Tengu Conjurer began the quest for the Orb.
     0 | D:1      | Reached XP level 1. HP: 10/10 MP: 4/4
   408 | D:1      | Reached XP level 2. HP: 15/15 MP: 3/6
   631 | D:1      | Found a faded altar of an unknown god.
  1254 | D:2      | Noticed Robin
  1261 | D:1      | Reached skill level 6 in Conjurations
  1567 | D:1      | Reached XP level 3. HP: 14/19 MP: 7/7
  1858 | D:1      | Learned a level 2 spell: Searing Ray
  1874 | D:2      | Killed Robin
  1875 | D:2      | Reached skill level 1 in Polearms
  2357 | D:2      | Reached XP level 4. HP: 24/24 MP: 1/8
  2907 | D:3      | Found a stormy altar of Qazlal.
  2919 | D:3      | Identified the +9 hand axe of Insufficient Pleasure {drain,
                  | Drain rElec Will+ Str+3}
  2958 | D:3      | Gained mutation: Your magical nature lets you fly swiftly
                  | and evasively. [Tengu growth]
  2958 | D:3      | Reached XP level 5. HP: 28/28 MP: 10/10
  2979 | D:3      | Reached skill level 7 in Conjurations
  3174 | D:3      | Noticed Natasha
  3177 | D:3      | Killed Natasha
  3381 | D:3      | Noticed Natasha
  3383 | D:3      | Killed Natasha
  3420 | D:3      | Noticed Natasha
  3425 | D:3      | Killed Natasha
  3614 | D:4      | Found a hazy altar of Hepliaklqana.
  3678 | D:4      | Found a glowing drain.
  3732 | Sewer    | Entered a sewer
  3828 | Sewer    | Reached XP level 6. HP: 33/33 MP: 9/11
  3859 | Sewer    | Reached skill level 1 in Short Blades
  4668 | D:4      | Noticed Ijyb
  4730 | D:4      | Killed Ijyb
  5006 | D:4      | Noticed an orc warrior
  5117 | D:4      | Killed an orc warrior
  5118 | D:4      | Reached skill level 1 in Fighting
  5118 | D:4      | Reached XP level 7. HP: 38/38 MP: 11/14
  5179 | D:4      | You are sucked into a shaft and drop 1 floor!
  5179 | D:5      | Entered Level 5 of the Dungeon
  5225 | D:5      | Reached skill level 8 in Conjurations
  5428 | D:4      | Found an iron altar of Okawaru.
  5944 | D:5      | Reached skill level 5 in Spellcasting
  6522 | D:5      | Reached XP level 8. HP: 30/43 MP: 8/16
  6639 | D:6      | Reached skill level 9 in Conjurations
  6684 | D:5      | Learned a level 3 spell: Dazzling Flash
  6688 | D:5      | Learned a level 3 spell: Mephitic Cloud
  6942 | D:6      | Found a staircase to the Ecumenical Temple.
  6950 | Temple   | Entered the Ecumenical Temple
  7195 | Temple   | Became a worshipper of Vehumet
  7935 | D:6      | Reached XP level 9. HP: 43/47 MP: 15/19
  8147 | D:7      | Reached skill level 10 in Conjurations
  8667 | D:6      | Reached skill level 5 in Dodging
  8777 | D:7      | Slain by an ogre

Illustrated notes

Levels and vault maps discovered:
D:1:      minmay_arrival_four_circles, layout_basic,
          shapermc_ecumenical_altar_mp_vishouse, kennysheep_pointless_box,
          nrook_mini_backslash, chequers_big_river
D:2:      layout_basic, minmay_tromino_i4, uniq_robin
D:3:      layout_loops_ring, nicolae_overflow_crystal_walls,
          hangedman_decor_clover_reticule, uniq_natasha
D:4:      layout_rooms, okawaru_ov_weapons_minmay, lemuel_round_altar,
          portal_sewer_entry_a, kennysheep_generic_room_5, uniq_ijyb
D:5:      layout_basic
D:6:      layout_loops_cross, minmay_temple_entry_gardened_gates,
          minmay_crystal_water
D:7:      layout_cave_pools
Temple:   dpeg_five_rooms_temple

Skill      XL: |  1  2  3  4  5  6  7  8  9 |
---------------+----------------------------+-----
Conjurations   | 6 7 8 9 10 | 10.3
Polearms       | 1 |  1.0
Spellcasting   | 3 4 5 6 |  6.7
Short Blades   | 1 2 3 |  3.5
Dodging        | 3 4 5 |  5.0
Fighting       | 1 |  1.9
Stealth        | 3 |  3.9
Air Magic      | |  0.7
Poison Magic   | |  0.2

Action                   |  1- 3 |  4- 6 |  7- 9 || total
-------------------------+-------+-------+-------++-------
Melee: Spear             |    34 |       |       ||    34
       Kick              |     6 |     6 |    12 ||    24
       Peck              |     4 |     4 |     8 ||    16
       Punch             |     1 |       |       ||     1
       Rapier            |       |    34 |    44 ||    78
 Cast: Magic Dart        |    40 |   106 |    36 ||   182
       Searing Ray       |     1 |    22 |    40 ||    63
       Mephitic Cloud    |       |       |     5 ||     5
  Use: Scroll            |       |     1 |     7 ||     8
 Stab: Sleeping          |       |     1 |       ||     1
Armor: Robe              |    22 |    12 |    10 ||    44
       Steam dragon scal |       |       |    20 ||    20
Dodge: Dodged            |    36 |    34 |   107 ||   177
